 Dungeon Crawl Stone Soup version 0.26-a0-752-gcff87cac9a (webtiles) character file.

Game seed: 17638191897109238133

67 iamoutofideas the Digger (level 4, -1/24 HPs)
             Began as a Gargoyle Earth Elementalist on Nov 7, 2020.
             Blown up by a kobold (25 damage)
             ... with a disintegration bolt
             ... on level 3 of the Dungeon.
             The game lasted 00:02:20 (3077 turns).

iamoutofideas the Digger (GrEE)                     Turns: 3077, Time: 00:02:20

Health: -1/24      AC:  6    Str: 17    XL:     4   Next: 16%
Magic:  8/8        EV: 12    Int: 17    God:
Gold:   86         SH:  0    Dex: 10    Spells: 0/8 levels left

rFire    . . .     SeeInvis .   (no weapon)
rCold    . . .     Faith    .   (no shield)
rNeg     + . .     Spirit   .   c - +0 robe
rPois    ∞         Reflect  .   r - +0 helmet
rElec    +         Harm     .   (no cloak)
rCorr    .         Rampage  .   (no gloves)
MR       .....                  (no boots)
Stlth    ++........             (no amulet)
HPRegen  0.08/turn              m - +6 ring of strength (curse)
MPRegen  0.11/turn              (no ring)

@: no status effects
A: negative energy resistance 1, electricity resistance, unbreathing,
petrification resistance, rot immunity, AC +3
a: no special abilities


You were on level 3 of the Dungeon.
You visited 1 branch of the dungeon, and saw 3 of its levels.

You collected 86 gold pieces.

Inventory:

Missiles
 b - 149 stones (quivered)
Armour
 c - a +0 robe (worn)
 r - a +0 helmet (worn)
Jewellery
 m - a cursed +6 ring of strength (left hand)
Wands
 k - a wand of random effects (6)
Scrolls
 a - 3 scrolls of remove curse {unknown}
 f - a scroll of enchant armour {unknown}
 g - 2 scrolls of fear {unknown}
 h - 2 scrolls of identify {unknown}
 i - a scroll of immolation {unknown}
 j - a scroll of amnesia {unknown}
 l - 2 scrolls of teleportation {unknown}
 n - 2 scrolls of random uselessness {unknown}
 p - a scroll of magic mapping {unknown}
Potions
 d - 2 potions of magic {unknown}
 e - 3 potions of curing {unknown}
 o - a potion of attraction {unknown}
 q - a potion of brilliance {unknown}


   Skills:
 + Level 1.7 Dodging
 - Level 2.3 Stealth
 + Level 2.7 Spellcasting
 + Level 0.7 Transmutations
 + Level 5.1 Earth Magic


You couldn't memorise any spells.
You knew the following spells:

 Your Spells              Type           Power        Failure   Level
a - Sandblast             Erth           ###...       2%          1
b - Stone Arrow           Conj/Erth      ##....       19%         3
c - Petrify               Tmut/Erth      ##......     47%         4

Your spell library contained the following spells:

 Spells                   Type           Power        Failure   Level
 Passwall                 Tmut/Erth      ##......     9%          2
 Lee's Rapid Deconstruct  Erth           ###.......   52%         5


Dungeon Overview and Level Annotations

Branches:
Dungeon (3/15)

Altars:


Innate Abilities, Weirdness & Mutations

You are resistant to torment.
Your stone body is resilient. (AC +3)
You are immune to poison.
You resist negative energy. (rN+)
You are resistant to electric shocks. (rElec)
You can survive without breathing.
You are immune to petrification.
You are immune to rotting.


Message History

Confirm with . or Enter, or press ? or * to list all spells.
Aiming: Sandblast (safe; 2% risk of failure)
Press: ? - help, Shift-Dir - straight line, f - giant cockroach
Aim: a giant cockroach The blast of sand hits the giant cockroach!
You kill the giant cockroach!
b - 149 stones
Found 22 arrows.
No target in view!
A kobold comes into view.
It is wielding a +2 dagger of holy wrath and carrying a wand of disintegration (12).
Found 16 arrows.
A kobold is nearby!
A kobold is nearby!
A giant cockroach comes into view.
Found a scale mail.
The kobold shouts!
A kobold comes into view.
The kobold zaps a wand.
You are blasted!
Ouch! That really hurt!
You die...

###..............
##................
#.................
#####.....###.........
...(......# ####......
..........# ....(.
..........# .....
..........# ##
.......@### ........#
........# ........#
...B..K.# K......[#
.......## .......


You could see a giant cockroach and 2 kobolds.

Vanquished Creatures
  2 adders (D:2)
  2 worms
  A leopard gecko (D:1)
  An orc (D:3)
  2 bats
  3 giant cockroaches
  5 goblins
  6 hobgoblins
  2 quokkas (D:3)
  A ball python (D:2)
  3 frilled lizards
  7 kobolds
  3 rats
38 creatures vanquished.

Notes
Turn   | Place    | Note
-------+----------+-------------------------------------------
     0 | D:1      | iamoutofideas the Gargoyle Earth Elementalist began the
                  | quest for the Orb.
     0 | D:1      | Reached XP level 1. HP: 10/10 MP: 3/3
   337 | D:1      | Reached skill level 4 in Earth Magic
   337 | D:1      | Reached XP level 2. HP: 13/15 MP: 1/5
  1345 | D:2      | Reached XP level 3. HP: 17/19 MP: 3/6
  2542 | D:2      | Reached skill level 5 in Earth Magic
  2676 | D:3      | Reached XP level 4. HP: 13/24 MP: 3/7
  2980 | D:3      | Learned a level 3 spell: Stone Arrow
  2985 | D:3      | Learned a level 4 spell: Petrify
  3077 | D:3      | Blown up by a kobold

Illustrated notes

Levels and vault maps discovered:
D:1:      dpeg_arrival_radiant, layout_loops_corners
D:2:      minmay_door_path, layout_basic
D:3:      layout_basic, minmay_misc_feat_alley, serial_bayou_pond_b,
          uniq_grinder

Skill      XL: |  1  2  3 |
---------------+----------+-----
Earth Magic    | 4 5 |  5.1
Dodging        | |  1.7
Stealth        | |  2.3
Spellcasting   | |  2.7
Transmutations | |  0.7

Action                   |  1- 3 |  4- 6 || total
-------------------------+-------+-------++-------
Melee: Unarmed           |    76 |     5 ||    81
 Cast: Sandblast         |    38 |     9 ||    47
 Stab: Sleeping          |     1 |       ||     1
Armor: Robe              |    34 |     3 ||    37
Dodge: Dodged            |    54 |     8 ||    62

Table legend: (Time is in decaauts)
 A = Elapsed time spent in this place.
 B = Non-inter-level travel time spent in this place.
 C = Inter-level travel time spent in this place.
 D = Time resting spent in this place.
 E = Time spent auto-exploring this place.
 F = Levels seen in this place.
 G = Mean time per level.
                   A        B        C        D        E       F      G
               +--------+--------+--------+--------+--------+-----+--------+
         Total |   3076 |   2987 |     89 |    262 |   2405 |   3 | 1025.3 |
       Dungeon |   3076 |   2987 |     89 |    262 |   2405 |   3 | 1025.3 |
               +--------+--------+--------+--------+--------+-----+--------+

Top non-repeatable levels by time:
     D:2: 1346 daAuts
     D:1: 1278 daAuts
     D:3: 451 daAuts
